HSSL
FORT WORTH HS TURKEYS @ ROCKY POINT HS EAGLES
04/28/2026
 
TOP OF THE 1ST
Fort Worth HS Turkeys batting - Pitching for Rocky Point HS Eagles : RHP José Aguilar
Pitching: RHP José Aguilar
Batting: LHB Fernando García 0-0: Ball
1-0: Foul Ball, location: 2F
1-1: Called Strike
1-2: Ball
2-2: Fly out, F9 (Line Drive, 9M)
Batting: LHB Will O'Dell 0-0: Called Strike
0-1: Ball
1-1: Ball
2-1: Swinging Strike
2-2: Foul Ball, location: 2F
2-2: Ball
3-2: Ground out 4-3 (Groundball, 4)
Batting: RHB Jon Hartley 0-0: Ball
1-0: Foul Ball, location: 2F
1-1: Ball
2-1: Foul Ball, location: 2F
2-2: Ball
3-2: Base on Balls
Batting: LHB Johnny Foley 0-0: Fly out, F7 (Flyball, 7LM)
Top of the 1st over - 0 run(s), 0 hit(s), 0 error(s), 1 left on base; Fort Worth HS 0 - Rocky Point HS 0
BOTTOM OF THE 1ST
Rocky Point HS Eagles batting - Pitching for Fort Worth HS Turkeys : RHP Jason MacDonald
Pitching: RHP Jason MacDonald
Batting: RHB Fernando Pagán 0-0: Ball
1-0: Ball
2-0: Swinging Strike
2-1: Foul Ball, location: 2F
2-2: Ball
3-2: SOLO HOME RUN (Flyball, 7LD), Distance : 343 ft
Batting: RHB Jim Sharry 0-0: Ground out 1-3 (Groundball, 13S)
Batting: RHB Joe Lewis 0-0: Ball
1-0: Called Strike
1-1: SINGLE (Groundball, 56D)
Batting: RHB Pedro Cháves 0-0: Ball
1-0: Fly out, F8 (Flyball, 8RM)
Batting: LHB Gus Price 0-0: SINGLE (Flyball, 8LS)
Joe Lewis to second
Batting: RHB John Lindsey 0-0: Ball
1-0: Foul Ball, location: 2F
1-1: Ball
2-1: Foul Ball, location: 2F
2-2: Strikes out looking
Bottom of the 1st over - 1 run(s), 3 hit(s), 0 error(s), 2 left on base; Fort Worth HS 0 - Rocky Point HS 1
TOP OF THE 2ND
Fort Worth HS Turkeys batting - Pitching for Rocky Point HS Eagles : RHP José Aguilar
Batting: RHB Bill Ménard 0-0: Ball
1-0: Foul Ball, location: 2F
1-1: Ball
2-1: Foul Ball, location: 2F
2-2: Foul Ball, location: 2F
2-2: Ball
3-2: SINGLE (Flyball, 8RS)
Batting: LHB Ugo Béland 0-0: Ball
1-0: Ball
2-0: Called Strike
2-1: Fly out, F8 (Flyball, 8LM)
Batting: RHB Mal Roberson 0-0: Ball
1-0: Swinging Strike
1-1: Called Strike
1-2: Ball
2-2: Foul Ball, location: 2F
2-2: Ball
3-2: Foul Ball, location: 2F
3-2: Strikes out swinging
Batting: RHB Denny Dennis 0-0: Ball
1-0: Ball
2-0: Called Strike
2-1: Fielders Choice at 2nd, 5-4 (Groundball, 5)
Top of the 2nd over - 0 run(s), 1 hit(s), 0 error(s), 0 left on base; Fort Worth HS 0 - Rocky Point HS 1
BOTTOM OF THE 2ND
Rocky Point HS Eagles batting - Pitching for Fort Worth HS Turkeys : RHP Jason MacDonald
Batting: RHB Dave Burkholder 0-0: Foul Ball, location: 2F
0-1: Ball
1-1: Ball
2-1: Foul Ball, location: 2F
2-2: Strikes out swinging
Batting: LHB Rob Peterson 0-0: Ground out 4-3 (Groundball, 4)
Batting: RHB Ramón Garza 0-0: Called Strike
0-1: Ball
1-1: Swinging Strike
1-2: Foul Ball, location: 2F
1-2: Strikes out swinging
Bottom of the 2nd over - 0 run(s), 0 hit(s), 0 error(s), 0 left on base; Fort Worth HS 0 - Rocky Point HS 1
TOP OF THE 3RD
Fort Worth HS Turkeys batting - Pitching for Rocky Point HS Eagles : RHP José Aguilar
Batting: RHB Eric Clay 0-0: SINGLE (Groundball, 4MD)
Batting: LHB Fernando García 0-0: Ball
1-0: Fly out, F7 (Flyball, 8LM)
Batting: LHB Will O'Dell 0-0: Called Strike
0-1: Swinging Strike
0-2: Ball
Wild Pitch!
Eric Clay to second
1-2: Ball
2-2: SINGLE (Line Drive, 34)
Eric Clay to third
Runner from 3rd tries for Home, SAFE, no throw or cutoff
Batting: RHB Jon Hartley 0-0: Ball
1-0: Ball
2-0: Foul Ball, location: 2F
2-1: Ball
3-1: Base on Balls
Will O'Dell to second
Batting: LHB Johnny Foley 0-0: Ball
1-0: Foul Ball, location: 2F
1-1: Fly out, F9 (Flyball, 9M)
Batting: RHB Bill Ménard 0-0: Called Strike
0-1: Ball
1-1: Foul Ball, location: 2F
1-2: 3-RUN HOME RUN (Flyball, 8LXD), Distance : 445 ft
Batting: LHB Ugo Béland 0-0: Called Strike
0-1: Fly out, F8 (Flyball, 8LD)
Top of the 3rd over - 4 run(s), 3 hit(s), 0 error(s), 0 left on base; Fort Worth HS 4 - Rocky Point HS 1
BOTTOM OF THE 3RD
Rocky Point HS Eagles batting - Pitching for Fort Worth HS Turkeys : RHP Jason MacDonald
Batting: RHB Fernando Pagán 0-0: Called Strike
0-1: Swinging Strike
0-2: Hit by Pitch
Batting: RHB Jim Sharry 0-0: Ball
1-0: Ball
2-0: Called Strike
2-1: Ball
3-1: Base on Balls
Fernando Pagán to second
Batting: RHB Joe Lewis 0-0: Ball
1-0: Foul Ball, location: 2F
1-1: Grounds into double play, 1-6-3 (Groundball, 23)
Fernando Pagán to third
Batting: RHB Pedro Cháves 0-0: Ball
1-0: Called Strike
1-1: Ball
2-1: Ball
3-1: Foul Ball, location: 2F
3-2: SINGLE (Groundball, 34) (infield hit)
Fernando Pagán scores
Batting: LHB Gus Price 0-0: Ball
Pedro Cháves steals 2nd base
1-0: Fly out, F9 (Popup, 89S)
Bottom of the 3rd over - 1 run(s), 1 hit(s), 0 error(s), 1 left on base; Fort Worth HS 4 - Rocky Point HS 2
TOP OF THE 4TH
Fort Worth HS Turkeys batting - Pitching for Rocky Point HS Eagles : RHP José Aguilar
Batting: RHB Mal Roberson 0-0: Ball
1-0: Ball
2-0: Swinging Strike
2-1: Ball
3-1: Called Strike
3-2: Strikes out swinging
Batting: RHB Denny Dennis 0-0: Ball
1-0: Ball
2-0: Called Strike
2-1: Foul Ball, location: 2F
2-2: Foul Ball, location: 2F
2-2: Ball
3-2: Base on Balls
Batting: RHB Eric Clay 0-0: Ball
1-0: Reached on error, E1 (Groundball, 13)
Denny Dennis to second
Batting: LHB Fernando García 0-0: Called Strike
0-1: DOUBLE (Flyball, 8RM)
Denny Dennis scores
Eric Clay to third
Runner from 3rd tries for Home, SAFE, throw made at trailing runner, SAFE at third!
Pitching: RHP António Cordero
Batting: LHB Will O'Dell 0-0: Ball
1-0: Called Strike
1-1: Swinging Strike
1-2: Strikes out swinging
Batting: RHB Jon Hartley 0-0: Ball
1-0: Ball
2-0: Called Strike
2-1: Swinging Strike
2-2: Strikes out swinging
Top of the 4th over - 2 run(s), 1 hit(s), 1 error(s), 1 left on base; Fort Worth HS 6 - Rocky Point HS 2
BOTTOM OF THE 4TH
Rocky Point HS Eagles batting - Pitching for Fort Worth HS Turkeys : RHP Jason MacDonald
Batting: RHB John Lindsey 0-0: Fly out, F9 (Line Drive, 9LM)
Batting: RHB Dave Burkholder 0-0: Ball
1-0: Foul Ball, location: 2F
1-1: Called Strike
1-2: SINGLE (Line Drive, 89S)
Batting: LHB Rob Peterson 0-0: Ball
1-0: Ball
2-0: TRIPLE (Line Drive, 89M)
Dave Burkholder scores
Batting: RHB Ramón Garza 0-0: Swinging Strike
0-1: Ball
1-1: Swinging Strike
1-2: Ground out 3-1 (Groundball, 34S)
Rob Peterson scores
Batting: RHB Fernando Pagán 0-0: Foul Ball, location: 2F
0-1: Called Strike
0-2: Ball
1-2: Ball
2-2: Fly out, F7 (Flyball, 78M)
Bottom of the 4th over - 2 run(s), 2 hit(s), 0 error(s), 0 left on base; Fort Worth HS 6 - Rocky Point HS 4
TOP OF THE 5TH
Fort Worth HS Turkeys batting - Pitching for Rocky Point HS Eagles : RHP António Cordero
Batting: LHB Johnny Foley 0-0: Swinging Strike
0-1: Swinging Strike
0-2: Foul Ball, location: 2F
0-2: Ball
1-2: Strikes out swinging
Batting: RHB Bill Ménard 0-0: Called Strike
0-1: Ball
1-1: Ball
2-1: SINGLE (Line Drive, 4D)
Batting: LHB Ugo Béland 0-0: Foul Ball, location: 2F
0-1: Foul Ball, location: 2F
0-2: Foul Ball, location: 2F
0-2: Ball
1-2: Foul Ball, location: 2F
1-2: 2-RUN HOME RUN (Flyball, 9D), Distance : 405 ft
Batting: RHB Mal Roberson 0-0: Foul Ball, location: 2F
0-1: Foul Ball, location: 2F
0-2: Ball
1-2: Strikes out swinging
Batting: RHB Denny Dennis 0-0: Ball
1-0: Called Strike
1-1: Foul Ball, location: 2F
1-2: Ball
2-2: Ball
3-2: Strikes out swinging
Top of the 5th over - 2 run(s), 2 hit(s), 0 error(s), 0 left on base; Fort Worth HS 8 - Rocky Point HS 4
BOTTOM OF THE 5TH
Rocky Point HS Eagles batting - Pitching for Fort Worth HS Turkeys : RHP Jason MacDonald
Batting: RHB Jim Sharry 0-0: Swinging Strike
0-1: Ball
1-1: Swinging Strike
1-2: SINGLE (Line Drive, 89S)
Batting: RHB Joe Lewis 0-0: Ball
Wild Pitch!
Jim Sharry to second
1-0: Swinging Strike
1-1: Foul Ball, location: 2F
1-2: Ball
2-2: Fly out, F6 (Popup, 6)
Batting: RHB Pedro Cháves 0-0: Ground out 5-3 (Groundball, 56S)
Jim Sharry to third
Batting: LHB Gus Price 0-0: Fly out, F8 (Flyball, 89XD)
Bottom of the 5th over - 0 run(s), 1 hit(s), 0 error(s), 1 left on base; Fort Worth HS 8 - Rocky Point HS 4
TOP OF THE 6TH
Fort Worth HS Turkeys batting - Pitching for Rocky Point HS Eagles : RHP António Cordero
Batting: RHB Eric Clay 0-0: Ball
1-0: Foul Ball, location: 2F
1-1: TRIPLE (Line Drive, 8RM)
Batting: LHB Fernando García 0-0: Ball
1-0: Ground out 6-3 (Groundball, 6)
Eric Clay scores
Batting: LHB Will O'Dell 0-0: Foul Ball, location: 2F
0-1: SINGLE (Groundball, 6MD)
Batting: RHB Jon Hartley 0-0: Ball
Throwing error on steal attempt, E2
Will O'Dell to third
1-0: Called Strike
1-1: Hit by Pitch
Batting: LHB Johnny Foley 0-0: Foul Ball, location: 2F
0-1: SINGLE (Line Drive, 78S)
Will O'Dell scores
Jon Hartley to second
Pitching: RHP Gary Thompson
Batting: RHB Bill Ménard 0-0: Ball
1-0: Ball
2-0: Swinging Strike
2-1: Foul Ball, location: 2F
2-2: SINGLE (Groundball, 6MD)
Jon Hartley to third
Johnny Foley to second
Batting: LHB Ugo Béland 0-0: Called Strike
0-1: Ball
1-1: Swinging Strike
1-2: Ball
2-2: Strikes out swinging
Batting: RHB Mal Roberson 0-0: Called Strike
0-1: Ball
1-1: Swinging Strike
1-2: Ball
2-2: Strikes out looking
Top of the 6th over - 2 run(s), 4 hit(s), 1 error(s), 3 left on base; Fort Worth HS 10 - Rocky Point HS 4
BOTTOM OF THE 6TH
Rocky Point HS Eagles batting - Pitching for Fort Worth HS Turkeys : RHP Jason MacDonald
Batting: RHB John Lindsey 0-0: Ball
1-0: Called Strike
1-1: Ball
2-1: Swinging Strike
2-2: Strikes out swinging
Pitching: LHP Gary Kernaghan
Batting: RHB Dave Burkholder 0-0: Called Strike
0-1: SINGLE (Groundball, 6M)
Batting: LHB Rob Peterson 0-0: Ball
1-0: Ball
2-0: Ball
3-0: Swinging Strike
3-1: Base on Balls
Dave Burkholder to second
Batting: RHB Ramón Garza 0-0: Swinging Strike
0-1: Swinging Strike
0-2: Hit by Pitch
Dave Burkholder to third
Rob Peterson to second
Batting: RHB Fernando Pagán 0-0: Called Strike
0-1: Ball
1-1: Ball
2-1: Ball
3-1: Foul Ball, location: 2F
3-2: Strikes out swinging
Batting: RHB Jim Sharry 0-0: Called Strike
0-1: SINGLE (Flyball, 7S)
Dave Burkholder scores
Rob Peterson to third
Ramón Garza to second
Runner from 3rd tries for Home, SAFE, no throw or cutoff
Batting: RHB Joe Lewis 0-0: Ball
1-0: Called Strike
1-1: Fly out, F4 (Popup, 4D)
Bottom of the 6th over - 2 run(s), 2 hit(s), 0 error(s), 2 left on base; Fort Worth HS 10 - Rocky Point HS 6
TOP OF THE 7TH
Fort Worth HS Turkeys batting - Pitching for Rocky Point HS Eagles : RHP Gary Thompson
Batting: RHB Denny Dennis 0-0: Foul Ball, location: 2F
0-1: Ball
1-1: Foul Ball, location: 2F
1-2: Ball
2-2: SINGLE (Line Drive, 56D)
Batting: RHB Eric Clay 0-0: Sac Bunt - play at first, batter OUT! 3-4
Denny Dennis to second
Batting: LHB Fernando García 0-0: DOUBLE (Line Drive, 8LXD)
Denny Dennis scores
Batting: LHB Will O'Dell 0-0: Called Strike
0-1: Foul Ball, location: 2F
0-2: Ball
1-2: Foul Ball, location: 2F
1-2: Ball
2-2: Fly out, F7 (Flyball, 7M)
Batting: RHB Jon Hartley 0-0: Ball
Wild Pitch!
Fernando García to third
1-0: Swinging Strike
1-1: Foul Ball, location: 2F
1-2: Fly out, F8 (Flyball, 8LXD)
Top of the 7th over - 1 run(s), 2 hit(s), 0 error(s), 1 left on base; Fort Worth HS 11 - Rocky Point HS 6
BOTTOM OF THE 7TH
Rocky Point HS Eagles batting - Pitching for Fort Worth HS Turkeys : LHP Gary Kernaghan
Batting: RHB Pedro Cháves 0-0: Swinging Strike
0-1: Swinging Strike
0-2: Fly out, F5 (Popup, 15)
Batting: LHB Gus Price 0-0: Foul Ball, location: 2F
0-1: Ball
1-1: Foul Ball, location: 2F
1-2: Ball
2-2: Strikes out looking
Batting: RHB John Lindsey 0-0: Ball
1-0: Ball
2-0: Foul Ball, location: 2F
2-1: Foul Ball, location: 2F
2-2: Ball
3-2: Foul Ball, location: 2F
3-2: Foul Ball, location: 2F
3-2: Strikes out looking
Bottom of the 7th over - 0 run(s), 0 hit(s), 0 error(s), 0 left on base; Fort Worth HS 11 - Rocky Point HS 6
TOP OF THE 8TH
Fort Worth HS Turkeys batting - Pitching for Rocky Point HS Eagles : RHP Gary Thompson
Batting: LHB Johnny Foley 0-0: Ball
1-0: Called Strike
1-1: Ball
2-1: Foul Ball, location: 2F
2-2: Foul Ball, location: 2F
2-2: Strikes out looking
Pitching: RHP Joe Johnston
Batting: RHB Bill Ménard 0-0: Ball
1-0: Swinging Strike
1-1: Ball
2-1: Swinging Strike
2-2: Strikes out swinging
Batting: LHB Ugo Béland 0-0: Called Strike
0-1: Ball
1-1: Ball
2-1: Swinging Strike
2-2: Ball
3-2: DOUBLE (Groundball, 3L)
Batting: RHB Mal Roberson 0-0: Ball
1-0: Ball
2-0: Called Strike
2-1: Foul Ball, location: 2F
2-2: Fly out, F8 (Flyball, 8LM)
Top of the 8th over - 0 run(s), 1 hit(s), 0 error(s), 1 left on base; Fort Worth HS 11 - Rocky Point HS 6
BOTTOM OF THE 8TH
Rocky Point HS Eagles batting - Pitching for Fort Worth HS Turkeys : LHP Gary Kernaghan
Pitching: RHP Michael Knight
Now at 2B: Howard Battle
Batting: RHB Dave Burkholder 0-0: Ground out 6-3 (Groundball, 6M)
Batting: LHB Rob Peterson 0-0: Ball
1-0: Ball
2-0: Ball
3-0: Base on Balls
Batting: RHB Ramón Garza 0-0: Swinging Strike
0-1: 2-RUN HOME RUN (Line Drive, 7D), Distance : 387 ft
Batting: RHB Fernando Pagán 0-0: Called Strike
0-1: Swinging Strike
0-2: Reached on error, E6 (Groundball, 6M)
Batting: RHB Jim Sharry 0-0: Ball
1-0: Called Strike
1-1: Ball
2-1: Ball
3-1: Fly out, F7 (Flyball, 78M)
Batting: RHB Joe Lewis 0-0: Called Strike
0-1: Ground out 5-3 (Groundball, 5)
Bottom of the 8th over - 2 run(s), 1 hit(s), 1 error(s), 1 left on base; Fort Worth HS 11 - Rocky Point HS 8
TOP OF THE 9TH
Fort Worth HS Turkeys batting - Pitching for Rocky Point HS Eagles : RHP Joe Johnston
Batting: RHB Denny Dennis 0-0: Called Strike
0-1: Foul Ball, location: 2F
0-2: Foul Ball, location: 2F
0-2: Foul Ball, location: 2F
0-2: Foul Ball, location: 2F
0-2: Ball
1-2: Ball
2-2: Foul Ball, location: 2F
2-2: Ball
3-2: Foul Ball, location: 2F
3-2: Base on Balls
Batting: RHB Eric Clay 0-0: Bunted foul
0-1: Bunted foul
0-2: Fly out, F6 (Popup, 15)
Batting: LHB Fernando García 0-0: Ball
1-0: Called Strike
1-1: Swinging Strike
1-2: Ball
2-2: Strikes out looking
Batting: LHB Will O'Dell 0-0: Ball
1-0: Ball
2-0: Foul Ball, location: 2F
2-1: Ball
3-1: Base on Balls
Denny Dennis to second
Batting: RHB Jon Hartley 0-0: Called Strike
0-1: Foul Ball, location: 2F
0-2: Foul Ball, location: 2F
0-2: Ball
1-2: Ball
2-2: Ball
3-2: Foul Ball, location: 2F
3-2: SINGLE (Groundball, 4)
Denny Dennis to third
Will O'Dell to second
Denny Dennis scores
Will O'Dell to third
Batting: LHB Johnny Foley 0-0: Called Strike
0-1: Ball
1-1: Called Strike
1-2: Strikes out swinging
Top of the 9th over - 1 run(s), 1 hit(s), 0 error(s), 2 left on base; Fort Worth HS 12 - Rocky Point HS 8
BOTTOM OF THE 9TH
Rocky Point HS Eagles batting - Pitching for Fort Worth HS Turkeys : RHP Michael Knight
Batting: RHB Pedro Cháves 0-0: Foul Ball, location: 2F
0-1: Ball
1-1: Ball
2-1: Foul Ball, location: 2F
2-2: Fly out, F9 (Flyball, 89M)
Batting: LHB Gus Price 0-0: Ball
1-0: Called Strike
1-1: Ball
2-1: Ball
3-1: Base on Balls
Batting: RHB John Lindsey 0-0: Ball
1-0: Called Strike
1-1: Ball
2-1: Fly out, F5 (Popup, 5D)
Pitching: RHP Shawn Miller
Batting: RHB Dave Burkholder 0-0: Called Strike
0-1: Ball
1-1: Foul Ball, location: 2F
1-2: DOUBLE (Line Drive, 7LM)
Gus Price to third
Pitching: RHP Mario Benoit
Batting: LHB Rob Peterson 0-0: Foul Ball, location: 2F
0-1: Foul Ball, location: 2F
0-2: Ball
1-2: Strikes out swinging
Bottom of the 9th over - 0 run(s), 1 hit(s), 0 error(s), 2 left on base; Fort Worth HS 12 - Rocky Point HS 8
Monday, December 5th, 2016 - OOTP Baseball 17.12 Build 75